 Dungeon Crawl Stone Soup version 0.29-a0-1065-g47a6bb87d6 (webtiles) character file.

Game seed: 7850221047184502740

1082 funkygono the Cudgeller (level 8, -7/51 HPs)
             Began as a Gargoyle Fighter on Aug 18, 2022.
             Mangled by an orc warrior
             ... wielding a +0 mace
              (14 damage)
             ... on level 4 of the Dungeon.
             The game lasted 00:07:49 (4164 turns).

funkygono the Cudgeller (Gargoyle Fighter)          Turns: 4164, Time: 00:07:50

Health: -7/51      AC: 27    Str: 22    XL:     8   Next: 30%
Magic:  8/8        EV:  7    Int:  9    God:
Gold:   170        SH: 12    Dex:  9    Spells: 7/7 levels left

rFire   . . .      SeeInvis .   d - +1 flail (protect)
rCold   . . .      Faith    .   x - +0 tower shield
rNeg    + . .      Spirit   .   e - +0 plate armour
rPois   ∞          Reflect  .   p - +0 helmet
rElec   +          Harm     .   u - +0 cloak
rCorr   .          Rampage  .   (no gloves)
Will    .....                   (no boots)
Stlth   ..........              l - amulet of the acrobat
HPRegen 0.17/turn               q - +4 ring of evasion
MPRegen 0.11/turn               (no ring)

@: under a protective aura
A: sickness immunity, AC +5, negative energy resistance 1, electricity
resistance, torment resistance 1, petrification resistance
a: no special abilities


You were on level 4 of the Dungeon.
You visited 1 branch of the dungeon, and saw 5 of its levels.

You collected 290 gold pieces.
You spent 120 gold pieces at shops.

Inventory:

Hand Weapons
 a - a +0 flail
 d - a +1 flail of protection (weapon)
 t - a +2 quarterstaff of chaos
Missiles
 y - 5 poisoned darts (quivered)
 B - 6 atropa-tipped darts
Armour
 b - a +0 scale mail
 c - a +0 buckler
 e - a +0 plate armour (worn)
 i - a +2 robe of cold resistance
 n - a +0 chain mail
 p - a +0 helmet (worn)
 u - a +0 cloak (worn)
 x - a +0 tower shield (worn)
Jewellery
 h - a +6 ring of dexterity
 l - an amulet of the acrobat (around neck)
 q - a +4 ring of evasion (left hand)
Wands
 s - a wand of digging (5)
Scrolls
 f - a scroll of fog
 k - a scroll of noise {unknown}
 r - 3 scrolls of teleportation
Potions
 g - 2 potions of lignification
 m - a potion of cancellation {unknown}
 o - a potion of berserk rage
 v - a potion of attraction
 w - a potion of might
 z - a potion of heal wounds {unknown}
 A - a potion of curing {unknown}
 C - a potion of ambrosia {unknown}


   Skills:
 * Level 5.6 Fighting
 + Level 6.1 Maces & Flails
 + Level 5.1 Armour
 + Level 1.7 Dodging
 + Level 0.8 Stealth
 + Level 5.5 Shields


You had 7 spell levels left.
You didn't know any spells.
Your spell library contained the following spells:

 Spells                   Type           Power      Damage    Failure   Level
 Foxfire                  Conj/Fire      0%         2x1d4     100%        1
 Call Canine Familiar     Summ           0%         N/A       100%        3
 Conjure Flame            Conj/Fire      0%         6-21      100%        3
 Inner Flame              Hex/Fire       0%         N/A       100%        3
 Portal Projectile        Hex/Tloc       0%         N/A       100%        3
 Tukima's Dance           Hex            0%         N/A       100%        3
 Flame Wave               Conj/Fire      0%         2d4       100%        4
 Leda's Liquefaction      Hex/Erth       0%         N/A       100%        4
 Passage of Golubria      Tloc           0%         N/A       100%        4
 Blade Hands              Tmut           0%         N/A       100%        5
 Yara's Violent Unravell  Hex/Tmut       0%         3d3       100%        5


Dungeon Overview and Level Annotations

Branches:
Dungeon (5/15)
 Temple: D:4-7

Altars:
Ashenzari
Zin

Shops:
D:1 (   D:2 *(?[


Innate Abilities, Weirdness & Mutations

You are immune to sickness and miasma.
Your stone body is resilient. (AC +5)
You are immune to poison.
You resist negative energy. (rN+)
You are resistant to electric shocks. (rElec)
You are resistant to unholy torment.
You are immune to petrification.


Message History

You see here a +0 sling.
The orc warrior is attracted toward you.
The orc is attracted toward you. x2
The orc warrior is attracted toward you.
The orc is attracted toward you. x2
Your extra speed is starting to run out.
The orc warrior is attracted toward you.
The orc is attracted toward you. x2
There is a stone staircase leading up here.
You block the orc warrior's attack.
You climb upwards.
There is a stone staircase leading down here.
You thump the orc warrior!
Your weapon exudes an aura of protection.
The orc warrior is severely wounded.
You block the orc warrior's attack.
You barely miss the orc warrior.
The orc warrior is severely wounded.
The orc warrior hits you but does no damage.
You feel less attractive to monsters.
You barely miss the orc warrior.
The orc warrior is severely wounded.
You block the orc warrior's attack.
You hit the orc warrior but do no damage.
The orc warrior is severely wounded.
You feel yourself slow down. You block the orc warrior's attack.
You closely miss the orc warrior.
The orc warrior is severely wounded.
The orc warrior hits you but does no damage.
You hit the orc warrior.
The orc warrior is almost dead.
The orc warrior completely misses you. You block the orc warrior's attack.
You completely miss the orc warrior.
The orc warrior is almost dead.
You block the orc warrior's attack.
You hit the orc warrior.
The orc warrior is almost dead.
The orc warrior hits you with a +0 mace!
You die...

#.....# #...#..####.##.....#
#.....######...#..............#
#..............#..............#
#.....#######..#...............
####..............#############
#..#######..#.##............
#..<..####..#.###.##########
##.#......o.#...............
#.........@...##.##.#.##.##
#..#.#####.#.###......##.#.
#..#.#####.#........#.##.#. #####
#..#.#.....#........#.##.#.
....###..#.#.##..#.#####..#.##.#.
....##.....#.##..#.# #..#.##.#.
....##.............## #..#.##.##
....##....##..#..#..## #.........
.....'....##..#..#...###....##.##


You could see an orc warrior.

Vanquished Creatures
  Sigmund (D:3)
  An ice beast (D:5)
  An ogre (D:5)
  A phantom (D:5)
  A centaur (D:5)
  2 scorpions (D:5)
  A howler monkey (D:5)
  4 hounds
  Crazy Yiuf (D:2)
  Jessica (D:2)
  Natasha (twice) (D:4)
  Terence (D:2)
  3 iguanas
  An orc wizard (D:3)
  2 adders
  A white imp (D:5)
  A worm (D:4)
  5 orcs
  2 ball pythons
  4 endoplasms
  3 giant cockroaches
  7 hobgoblins
  2 quokkas
  5 bats
  2 frilled lizards
  7 goblins
  3 kobolds
  6 rats
71 creatures vanquished.

Vanquished Creatures (others)
  A plant (D:4)
1 creature vanquished.

Grand Total: 72 creatures vanquished

Notes
Turn   | Place    | Note
-------+----------+-------------------------------------------
     0 | D:1      | funkygono the Gargoyle Fighter began the quest for the Orb.
     0 | D:1      | Reached XP level 1. HP: 14/14 MP: 1/1
    29 | D:1      | Found Deremirgh's Antique Weapon Shoppe.
   309 | D:1      | Reached XP level 2. HP: 19/19 MP: 2/2
   823 | D:2      | Found Ylageg's General Store.
   830 | D:2      | Found Gayzus's Antique Weapon Shoppe.
   834 | D:2      | Noticed Terence
   841 | D:2      | Killed Terence
   842 | D:2      | Reached skill level 1 in Dodging
   842 | D:2      | Reached XP level 3. HP: 24/24 MP: 3/3
   860 | D:2      | Bought 3 scrolls of identify for 66 gold pieces
   918 | D:2      | Found Qogax's Magic Scroll Shoppe.
  1026 | D:2      | Found Kuthruk's Armour Shop.
  1222 | D:2      | Found a runed translucent door.
  1223 | D:2      | Noticed Crazy Yiuf
  1229 | D:2      | Killed Crazy Yiuf
  1230 | D:2      | Reached skill level 3 in Maces & Flails
  1230 | D:2      | Reached XP level 4. HP: 22/29 MP: 4/4
  1353 | D:2      | Noticed Jessica
  1362 | D:2      | Killed Jessica
  1450 | D:2      | Bought a +0 helmet for 54 gold pieces
  1521 | D:3      | Reached XP level 5. HP: 30/33 MP: 5/5
  1659 | D:3      | Noticed Sigmund
  1960 | D:3      | Killed Sigmund
  1961 | D:3      | Reached skill level 4 in Maces & Flails
  1961 | D:3      | Reached XP level 6. HP: 24/39 MP: 6/6
  2483 | D:4      | Noticed Natasha
  2485 | D:4      | Killed Natasha
  2662 | D:4      | Found a broken altar of Ashenzari.
  2923 | D:4      | Noticed Natasha
  2932 | D:4      | Killed Natasha
  2933 | D:4      | Reached XP level 7. HP: 44/44 MP: 7/7
  3430 | D:5      | Entered Level 5 of the Dungeon
  3519 | D:5      | Reached skill level 5 in Maces & Flails
  3519 | D:5      | Reached skill level 5 in Shields
  3576 | D:5      | Reached skill level 5 in Fighting
  3713 | D:5      | Reached skill level 5 in Armour
  3713 | D:5      | Reached XP level 8. HP: 27/50 MP: 8/8
  3958 | D:5      | Reached skill level 6 in Maces & Flails
  4115 | D:5      | Found a glowing silver altar of Zin.
  4164 | D:4      | Mangled by an orc warrior

Illustrated notes

Levels and vault maps discovered:
D:1:      minmay_arrival_five_plusses, layout_loops_ring, serial_shops, shop
D:2:      layout_rooms, serial_shops, shop, shop, shop,
          nicolae_shop_advertising_works [nicolae_subvault_shop_adworks],
          uniq_terence, uniq_jessica, uniq_crazy_yiuf_cottage
D:3:      layout_basic, uniq_sigmund
D:4:      layout_basic, cheibrodos_ashenzari_chains, serial_bayou_crossing,
          uniq_natasha
D:5:      layout_loops_ring, nicolae_overflow_hidden_temple

Skill      XL: |  1  2  3  4  5  6  7  8 |
---------------+-------------------------+-----
Dodging        | 1 |  1.7
Fighting       | 4 5 |  5.6
Maces & Flails | 3 4 5 6 |  6.1
Armour         | 4 5 |  5.1
Shields        | 4 5 |  5.5
Stealth        | |  0.8

Action                   |  1- 3 |  4- 6 |  7- 9 || total
-------------------------+-------+-------+-------++-------
Melee: Flail             |    70 |   133 |   121 ||   324
  Use: Potion            |     1 |     1 |     2 ||     4
       Scroll            |       |     4 |     6 ||    10
 Stab: Invisible         |       |     1 |       ||     1
Armor: Plate armour      |    38 |    93 |    58 ||   189
Dodge: Dodged            |    34 |    53 |    32 ||   119
Block: Buckler           |    14 |     2 |       ||    16
       Tower shield      |       |    62 |    85 ||   147

Table legend: (Time is in decaauts)
 A = Elapsed time spent in this place.
 B = Non-inter-level travel time spent in this place.
 C = Inter-level travel time spent in this place.
 D = Time resting spent in this place.
 E = Time spent auto-exploring this place.
 F = Levels seen in this place.
 G = Mean time per level.
                   A        B        C        D        E       F      G
               +--------+--------+--------+--------+--------+-----+--------+
         Total |   4328 |   4052 |    276 |    106 |   2867 |   5 |  865.6 |
       Dungeon |   4328 |   4052 |    276 |    106 |   2867 |   5 |  865.6 |
               +--------+--------+--------+--------+--------+-----+--------+

Top non-repeatable levels by time:
     D:4: 1195 daAuts
     D:3: 880 daAuts
     D:1: 838 daAuts
     D:5: 712 daAuts
     D:2: 702 daAuts
